Map: Orbital Shipyard

Players

LilDicky

  • Race: Terran Terran
  • League: Diamond

Ohbiee - Winner!

  • Race: Terran Terran
  • League: Diamond

VOD

http://www.twitch.tv/tumescentpie

Description

Time

  • Played on: Dec. 31, 2015, 5:09 p.m.
  • Length: 6:06
Show
View Real Time Build Order
Export as new Build Order

LilDicky Terran 

Build Orders: Liberator Opening 

Get SALT Encoding   

  12  0:02  SCV  
  13  0:14  SCV  
  14  0:23  Supply Depot  
  14  0:26  SCV  
  15  0:34  Refinery  
  15  0:45  SCV  
  15  0:48  Barracks  
  17  0:57  SCV  
  17  1:09  SCV  
  18  1:16  Refinery  
  18  1:22  SCV  
  19  1:38  Marine  
  21  1:41  Supply Depot, Orbital Command  
  21  1:46  Factory  
  20  2:00  Marine  
  21  2:08  SCV  
  22  2:20  Marine  
  23  2:28  SCV  
  24  2:36  Factory Tech Lab, Starport  
  24  2:40  SCV, Supply Depot  
  25  2:52  SCV  
  25  2:54  Marine  
  25  2:57  Liberator  
  27  3:04  SCV  
  28  3:06  Siege Tank  
  31  3:17  SCV  
  31  3:18  Supply Depot, Marine  
  36  3:24  Supply Depot  
  36  3:29  SCV  
  37  3:39  Engineering Bay  
  37  3:40  Siege Tank, Liberator  
  40  3:45  SCV  
  40  3:46  Supply Depot  
  40  3:47  Marine  
  42  3:57  SCV  
  46  4:09  SCV  
  42  4:32  Marine  
  43  4:42  Viking  
  45  4:47  SCV  
  45  4:50  Marine  
  47  4:55  Command Center  
  47  4:56  Siege Tank  
  47  4:59  SCV  
  51  5:06  Missile Turret  
  51  5:28  Siege Tank  
Show
View Real Time Build Order
Export as new Build Order

Ohbiee Terran - Winner!

Build Orders: 1/1/1, Cyclone Opening 

Get SALT Encoding   

  12  0:01  SCV  
  13  0:13  SCV  
  14  0:18  Supply Depot  
  14  0:25  SCV  
  15  0:29  Refinery  
  15  0:40  SCV  
  16  0:46  Barracks  
  16  0:52  SCV  
  17  1:04  SCV  
  18  1:16  SCV  
  19  1:20  Refinery  
  19  1:33  Marine, Orbital Command  
  19  1:39  Factory  
  20  1:49  Supply Depot  
  20  1:51  Marine  
  21  2:05  SCV  
  22  2:15  Supply Depot  
  22  2:16  Marine  
  22  2:17  SCV  
  24  2:25  Starport  
  24  2:28  Factory Tech Lab  
  24  2:32  SCV  
  24  2:35  Marine  
  26  2:44  SCV  
  27  2:48  Cyclone  
  30  2:52  Liberator  
  30  2:56  SCV  
  31  3:00  Marine  
  35  3:15  Supply Depot  
  35  3:18  Marine  
  36  3:21  Hellion  
  38  3:29  Supply Depot  
  38  3:35  Engineering Bay  
  38  3:47  Marine  
  39  3:52  Medivac  
  39  3:55  SCV  
  42  4:05  Siege Tank  
  42  4:07  SCV  
  42  4:21  Liberator  
  40  4:28  Marine  
  36  4:37  Siege Tank  
  42  4:43  SCV  
  42  4:46  Marine  
  43  4:55  SCV  
  43  4:56  Missile Turret  
  43  4:58  Missile Turret  
  44  5:00  Missile Turret  
  44  5:03  Marine  
  45  5:10  Command Center  
  44  5:41  Marine  
Tags
 
Add a new tag
Caveats
  • Supply blocks, unpowered buildings, or Contaminate may cause inaccurate times.
  • Supply counts are checked every 10 seconds.